AoeStats
← educornejo07

Arabian Desert

510398912Analyzed
1v1 RM · 24h ago on Sep 30, 2026· 37m 57s· 2 players
Game mode
Random Map
Map size
Tiny (2 player)
Population
200
Speed
Normal
Resources
Standard
Victory
Conquest
Starting age
Dark Age
Ending age
Imperial Age
RankedLock teamsTeams togetherTeam positionsShared explorationLock speedFull tech treeHidden civsTurbo modeCheats
Victory
Defeat
🇺🇸 Magyars · United States
610
+18
🇲🇽 Portuguese · Mexico
648
-18
dogman
9:45 Feudal Age
10:24 Loom
10:32 Double-Bit Axe
10:34 Horse Collar
13:21 Scale Barding Armor
14:02 Wheelbarrow
22:11 Castle Age
20:35 Fletching
20:58 Padded Archer Armor
22:33 Gold Mining
22:14 Crossbowman
23:08 Bow Saw
23:03 Heavy Plow
24:23 Scale Mail Armor
26:21 Bloodlines
27:09 Husbandry
31:40 Chain Barding Armor
33:06 Hand Cart
32:37 Town Watch
37:34 Imperial Age
38:17 Thumb Ring
38:35 Ballistics
37:44 Arbalester
educornejo07
5:11 Loom
10:42 Feudal Age
11:35 Double-Bit Axe
12:12 Horse Collar
24:30 Castle Age
26:19 Husbandry
31:14 Wheelbarrow
34:01 Ballistics
34:16 Thumb Ring
33:31 Crossbowman
Connection lost

Rejoining the realm…

Still unreachable

The connection could not be restored.

Session expired

The server has moved on; the page needs a fresh start.